Map: Ruby Rock LE

Players

INexorable

  • Race: Terran Terran
  • Spawn Location: 5:00

A.I. 1 (Very Easy) - Winner!

  • Race: Protoss Protoss
  • Spawn Location: 11:00

VOD

Have the link to the VOD?

Description

Time

  • Played on: Dec. 29, 2025, 1:27 p.m.
  • Length: 6:10
Show
View Real Time Build Order
Export as new Build Order

INexorable Terran 

Build Orders: Banshee Rush 

Get SALT Encoding   

  12  0:00  SCV  
  13  0:12  SCV  
  14  0:17  Supply Depot  
  14  0:24  SCV  
  15  0:38  SCV  
  15  0:40  Barracks  
  15  0:42  Refinery  
  16  0:51  SCV  
  16  0:52  Refinery  
  17  1:03  SCV  
  18  1:15  SCV  
  19  1:27  Orbital Command, Reaper  
  20  1:40  Factory  
  20  1:43  Supply Depot  
  20  1:52  SCV  
  21  1:59  Reaper  
  22  2:04  SCV  
  23  2:15  Command Center  
  23  2:18  SCV  
  24  2:24  Hellion  
  26  2:30  SCV  
  26  2:31  Barracks Reactor  
  27  2:40  Starport  
  27  2:42  SCV  
  28  2:46  Supply Depot  
  28  2:49  Factory Tech Lab  
  28  2:54  SCV  
  29  3:08  SCV  
  29  3:09  Marine x2  
  32  3:20  Factory Tech Lab, SCV  
  32  3:21  Cloaking Field  
  32  3:22  Banshee  
  36  3:27  Orbital Command  
  36  3:33  Marine x2  
  38  3:34  SCV  
  38  3:39  Bunker  
  39  3:46  SCV  
  39  3:47  Siege Tank  
  43  3:53  SCV  
  44  3:58  Marine x2, SCV  
  47  4:03  Supply Depot  
  47  4:05  SCV  
  47  4:08  Banshee  
  51  4:10  SCV  
  51  4:15  Marine  
  53  4:17  SCV  
  53  4:20  Barracks  
  54  4:25  Marine  
  54  4:27  Siege Tank  
  54  4:28  Supply Depot  
  54  4:30  SCV  
  60  4:31  SCV  
  60  4:34  Supply Depot  
  60  4:42  Marine  
  60  4:43  SCV  
  62  4:49  Marine, SCV  
  62  4:51  Banshee  
  67  4:54  Barracks  
  67  4:56  SCV  
  67  4:57  Supply Depot  
  68  5:01  Engineering Bay  
  68  5:02  SCV  
  68  5:03  Marine  
  70  5:07  Marine  
  70  5:08  Siege Tank  
  70  5:09  SCV  
  70  5:14  SCV, Refinery  
  76  5:21  SCV  
  76  5:23  Supply Depot  
  76  5:24  Refinery  
  76  5:26  SCV  
  76  5:28  Marine x2  
  80  5:33  SCV  
  81  5:38  SCV  
  81  5:42  Supply Depot  
  82  5:43  Marauder  
  82  5:45  SCV  
  82  5:48  Supply Depot  
  82  5:49  Marine  
  85  5:50  Marine  
  85  5:55  SCV  
  90  6:00  Supply Depot  
  90  6:04  Starport Reactor  
  90  6:07  Command Center  
Show
View Real Time Build Order
Export as new Build Order

A.I. 1 (Very Easy) Protoss - Winner!

Build Orders:  

Get SALT Encoding   

  12  0:00  Probe  
  13  0:13  Probe  
  14  0:20  Pylon  
  14  0:36  Assimilator  
  14  0:43  Gateway  
  14  0:45  Pylon  
  14  1:13  Assimilator  
  14  1:16  Probe  
  14  1:24  Probe  
  15  1:32  Probe  
  16  1:34  Cybernetics Core  
  17  1:42  Probe  
  18  1:55  Probe  
  18  2:00  Warp Gate  
  19  2:03  Probe  
  19  2:07  Stalker  
  22  3:50  Probe  
  22  4:47  Probe  
  22  5:38  Zealot  
  22  5:39  Probe  
  22  5:41  Pylon  
  25  5:44  Robotics Facility  
  25  5:51  Probe  
Tags
 
Matchup
PvT
Spawn Locations
Cross Positions
Strategy
Banshee Rush
Add a new tag
Caveats
  • Supply blocks, unpowered buildings, or Contaminate may cause inaccurate times.
  • Supply counts are checked every 10 seconds.